AoeStats
← BOT Cangri

Shoals

503080246Analyzed
2v2 EW · 1mo ago on Aug 30, 2026· 27m 8s· 4 players
Game mode
Empire Wars
Map size
Medium (4 player)
Population
200
Speed
Normal
Resources
Standard
Victory
Conquest
Starting age
Feudal Age
Ending age
Imperial Age
RankedLock teamsTeams togetherTeam positionsShared explorationLock speedFull tech treeHidden civsTurbo modeCheats
Victory
Defeat
🇨🇦 Sicilians · Canada
1135
+13
🇲🇽 Bulgarians · Mexico
1135
+13
🇨🇱 Koreans · Chile
1099
-19
🇺🇸 Byzantines · United States
1051
-12
confusedmormon
8:07 Castle Age
6:11 Double-Bit Axe
7:44 Scale Mail Armor
7:59 Fletching
8:53 Pikeman
10:55 Forging
12:01 Scale Barding Armor
12:47 Horse Collar
13:30 Bodkin Arrow
14:33 Bow Saw
16:29 Wheelbarrow
19:06 Gold Mining
22:56 Imperial Age
21:11 Chain Barding Armor
23:25 Chain Mail Armor
24:44 Caravan
24:53 Squires
25:18 Heavy Camel Rider
BOT Cangri
0:59 Double-Bit Axe
2:58 Fishing Lines
5:09 Wheelbarrow
8:43 Castle Age
7:24 Stone Mining
7:33 Stone Mining
7:37 Gold Mining
7:57 Horse Collar
8:47 Town Watch
9:17 Gillnets
9:32 Heavy Plow
9:42 Bow Saw
11:32 Fletching
13:36 Bodkin Arrow
18:56 Stone Shaft Mining
18:40 Gillnets
19:43 Hand Cart
21:13 Murder Holes
21:33 Masonry
24:23 Imperial Age
23:01 Forging
22:51 Scale Mail Armor
22:17 Man-at-Arms
22:58 Long Swordsman
23:23 Gambesons
24:17 Iron Casting
ger0xdlol
0:41 Fishing Lines
2:08 Double-Bit Axe
4:19 Horse Collar
6:37 Forging
7:53 Wheelbarrow
11:21 Castle Age
9:28 Gold Mining
9:57 Stone Mining
9:57 Arson
10:35 Fletching
10:48 Scale Mail Armor
11:56 Bloodlines
12:56 Squires
12:41 Gambesons
15:02 Gold Shaft Mining
17:38 Iron Casting
17:21 Chain Mail Armor
18:32 Stone Shaft Mining
19:51 Bow Saw
24:17 Imperial Age
22:15 Bodkin Arrow
22:26 Scale Barding Armor
23:18 Stirrups
24:00 Ballistics
23:36 Murder Holes
24:05 Chain Barding Armor
25:30 Heavy Plow
25:54 Hand Cart
25:25 Town Watch
thk_ultra
0:30 Town Watch
0:33 Double-Bit Axe
6:09 Castle Age
4:25 Horse Collar
7:11 Bow Saw
7:25 Heavy Plow
11:19 Wheelbarrow
10:59 Forging
10:55 Squires
11:57 Fletching
12:42 Scale Mail Armor
17:28 Iron Casting
17:09 Chain Mail Armor
16:41 Arson
17:32 Gold Mining
19:03 First Crusade
19:01 Gambesons
26:21 Hand Cart
26:07 Town Patrol
Connection lost

Rejoining the realm…

Still unreachable

The connection could not be restored.

Session expired

The server has moved on; the page needs a fresh start.